 Dungeon Crawl Stone Soup version 0.24.0-13-gcf9b319 (webtiles) character file.

Game seed: 7651013216523673034, levelgen mode: deterministic

48582 Bronimir the Carver (level 14, -3/106 HPs)
             Began as a Demonspawn Gladiator on Apr 7, 2020.
             Was a High Priest of Makhleb.
             Slain by an orc knight
             ... wielding a +0 halberd
              (22 damage)
             ... in a bailey.
             The game lasted 01:04:43 (21297 turns).

Bronimir the Carver (Demonspawn Gladiator)         Turns: 21297, Time: 01:04:45

Health: -3/106     AC: 29    Str: 20    XL:     14   Next: 12%
Magic:  4/21       EV: 19    Int:  8    God:    Makhleb [*****.]
Gold:   1479       SH: 12    Dex: 14    Spells: 12/21 levels left

rFire    + . .     SeeInvis .   a - +0 long sword "Gurrat" {slice, rPois rF+ rC++}
rCold    + + +     Gourm    .   Q - +0 shield
rNeg     . . .     Faith    .   g - +8 ring mail of Paranoia {rC+}
rPois    +         Spirit   .   (helmet restricted)
rElec    .         Reflect  .   H - scarf {repulsion}
rCorr    .         Harm     .   k - +2 pair of gloves
MR       +....                  I - +0 pair of boots
Stlth    +.........             (no amulet)
HPRegen  1.67/turn              C - +4 ring of evasion
MPRegen  0.17/turn              c - ring of wizardry

@: infused, singing (expiring), regenerating, repel missiles
A: horns 2, cold resistance 1, dopey 1, icemail, sense surroundings 1,
regeneration 1, freezing cloud immunity, sturdy frame 3
a: Minor Destruction, Lesser Servant of Makhleb, Major Destruction, Greater
Servant of Makhleb, Renounce Religion


You were in a bailey.
You worshipped Makhleb.
Makhleb was extremely pleased with you.
You were not hungry.

You visited 3 branches of the dungeon, and saw 20 of its levels.
You also visited: Ossuary and Bailey.

You collected 1535 gold pieces.
You spent 56 gold pieces at shops.

Inventory:

Hand Weapons
 a - the +0 long sword "Gurrat" (weapon) {slice, rPois rF+ rC++}
   (You acquired it on level 10 of the Dungeon)

   It inflicts extra damage upon your enemies.
   It protects you from fire.
   It greatly protects you from cold.
   It protects you from poison.
 b - a -1 hunting sling
 u - a +0 scimitar of flaming
 z - the +4 dagger "Orim" {pierce, rElec rF- Str+4}
   (You found it on level 4 of the Lair of Beasts)

   It inflicts extra damage upon your enemies.
   It affects your strength (+4).
   It makes you vulnerable to fire.
   It insulates you from electricity.
Missiles
 m - 110 poisoned darts
 q - 78 arrows
 x - 91 sling bullets
 D - 28 boomerangs (quivered)
 M - 110 bolts
Armour
 g - the +8 ring mail of Paranoia (worn) {rC+}
   (You took it off an orc on level 11 of the Dungeon)

   It protects you from cold.
 k - a +2 pair of gloves (worn)
 H - a scarf of repulsion (worn)
 I - a +0 pair of boots (worn)
 Q - a +0 shield (worn)
Jewellery
 c - a ring of wizardry (right hand)
 d - the ring "Weggeapu" {rCorr Int+2}
   (You took it off an orc warrior on level 11 of the Dungeon)

   [ring of resist corrosion]

   It affects your intelligence (+2).
   It provides partial protection from all sources of acid and corrosion.
 n - an uncursed ring of protection from cold
 r - a +2 ring of strength {unknown}
 C - a +4 ring of evasion (left hand)
 E - an uncursed ring of positive energy
Wands
 j - a wand of disintegration (16)
 K - a wand of digging (5)
 L - a wand of iceblast (3)
 R - a wand of enslavement (11)
 Z - a wand of paralysis (6)
Scrolls
 e - a scroll of amnesia
 l - a scroll of fear
 p - 5 scrolls of teleportation
 s - 2 scrolls of fog
 t - a scroll of summoning {unknown}
 v - a scroll of enchant weapon
 y - 2 scrolls of enchant armour
 G - 2 scrolls of magic mapping
 O - a scroll of acquirement
 P - 6 scrolls of remove curse
 U - 4 scrolls of identify
Potions
 h - a potion of cancellation
 i - 10 potions of curing
 o - 6 potions of invisibility
 w - 2 potions of lignification
 A - 2 potions of magic {unknown}
 B - a potion of resistance
 N - 2 potions of might {unknown}
 S - 2 potions of mutation
 T - a potion of haste {unknown}
 V - 2 potions of heal wounds
Miscellaneous
 F - a lightning rod (4/4)
Comestibles
 f - 37 rations
 J - 5 chunks of flesh


   Skills:
 + Level 8.4 Fighting
 + Level 12.4 Long Blades
   Level 0.1 Staves
 + Level 1.9 Throwing
 + Level 7.6 Armour
 + Level 6.5 Dodging
 * Level 11.2 Shields
 + Level 4.4 Spellcasting
 * Level 0.5 Hexes
 * Level 3.3 Charms
 + Level 4.8 Necromancy
 * Level 9.9 Invocations
 * Level 1.3 Evocations


You had 12 spell levels left.
You knew the following spells:

 Your Spells              Type           Power        Failure   Level  Hunger
a - Infusion              Chrm           #...         4%          1    #......
b - Regeneration          Chrm/Necr      #.........   11%         3    ###....
c - Shroud of Golubria    Chrm/Tloc      #.....       14%         2    ###....
d - Song of Slaying       Chrm           #.......     8%          2    ###....
e - Confusing Touch       Hex            #.....       16%         1    #......

Your spell library contained the following spells:

 Spells                   Type           Power        Failure   Level  Hunger
 Magic Dart               Conj           #...         17%         1    #......
 Slow                     Hex            #.......     22%         2    ###....
 Spectral Weapon          Hex/Chrm       #.......     24%         3    ###....
 Blink                    Tloc           N/A          26%         2    ###....
 Call Imp                 Summ           #.......     26%         2    ###....
 Confuse                  Hex            #.......     38%         3    ###....
 Conjure Flame            Conj/Fire      #.......     45%         3    ###....
 Gell's Gravitas          Tloc           #.........   45%         3    ###....
 Mephitic Cloud           Conj/Pois/Air  #.......     45%         3    ###....
 Ice Form                 Ice/Tmut       #.......     85%         4    #####..
 Petrify                  Tmut/Erth      #.......     85%         4    #####..
 Metabolic Englaciation   Hex/Ice        #.........   98%         5    ######.
 Yara's Violent Unravell  Hex/Tmut       #.........   98%         5    ######.
 Bolt of Cold             Conj/Ice       #.........   100%        6    #######
 Freezing Cloud           Conj/Ice/Air   #.........   100%        6    #######
 Ozocubu's Refrigeration  Ice            #.........   100%        6    #######
 Simulacrum               Ice/Necr       #.........   100%        6    #######


Dungeon Overview and Level Annotations

Branches:
Dungeon (13/15)            Temple (1/1) D:5            Lair (6/6) D:9
 Shoals (0/4) Lair:3       Spider (0/4) Lair:3        Slime (0/5) Lair:5
    Orc (0/2) D:11        Ossuary (visited)          Bailey (1/1)
 Vaults: D:13-14

Altars:
Ashenzari
Cheibriados
Dithmenos
Elyvilon
Fedhas
Gozag
Hepliaklqana
Kikubaaqudgha
Makhleb
Nemelex Xobeh
Okawaru
Qazlal
Ru
Sif Muna
Trog
Uskayaw
Vehumet
Wu Jian
Xom
Yredelemnul
Zin
The Shining One

Shops:
D:5 !   D:12 [

Annotations:
D:4 1 runed translucent door, DiabolicBear's ghost, amateur TrHu


Innate Abilities, Weirdness & Mutations

You have a pair of horns on your head.
Your flesh is cold resistant. (rC+)
A meltable icy envelope protects you from harm. (AC +10)
You are immune to freezing clouds.
Your movements are significantly less encumbered by armour. (ER -6)
You are dopey. (Int -2)
You passively map a small area around you.
Your natural rate of healing is unusually fast.


Message History

The orc warrior no longer looks unusually strong.
The orc warrior completely misses you. You block the orc's attack.
The orc warrior hits you from afar with a +0 glaive!!
You block the orc's attack.
The orc knight hits you from afar with a +0 halberd!!
* * * LOW HITPOINT WARNING * * *
You block the orc knight's attack. The orc knight misses you.
The orc knight no longer looks unusually strong.
You block the orc's attack. The orc warrior completely misses you.
The orc closely misses you. The orc warrior completely misses you.
The orc knight roars a battlecry!
The orcs go into a battle-frenzy!
The orc warrior no longer looks unusually strong.
The orc misses you.
The orc hits you from afar with a +0 spear.
* * * LOW HITPOINT WARNING * * *
The orc knight roars a battlecry!
The orc warrior goes into a battle-frenzy!
The orc knight hits you from afar with a +0 halberd!!
You die...

####### #######
##.....#########.....###
###..))...#.....#.).....'.
..#.)..)..'.....'.o.o...'.
,
..'..)))..'.....@.)oo...'.
..#.)))...'.....'ooo....'.
,
###.......#.....#.o.....'.
, ##.....#########.....###
, ####### ####### *


You could see 3 orc knights, 2 orc warriors and 3 orcs.

Vanquished Creatures
  Snorg (Lair:5)
  A hydra (Lair:4)
  2 catoblepae
  Fannar (Lair:1)
  2 two-headed ogres
  13 death yaks
  Pikel (D:7)
  2 ugly things
  A cyclops (D:11)
  5 elephants (Lair:3)
  7 black mambas
  8 spiny frogs
  A torpor snail (Lair:6)
  2 centaur skeletons
  3 gargoyles
  3 rime drakes
  6 komodo dragons
  An efreet (D:12)
  6 trolls
  3 tengu conjurers
  A merfolk (Lair:3)
  A hornet (D:12)
  A dream sheep (Lair:4)
  8 blink frogs
  8 hippogriffs
  2 spriggans
  2 wraiths
  4 wyverns
  2 basilisks (Lair:4)
  38 yaks
  3 hungry ghosts
  Eustachio (D:6)
  2 steam dragons
  7 vampire mosquitoes (D:12)
  2 acid dragons
  10 water moccasins
  12 orc warriors
  4 porcupines
  Duvessa (D:4)
  5 ice beasts
  4 sky beasts
  A hornet zombie (D:10)
  A black bear (D:6)
  2 phantoms
  An ogre (D:7)
  A necrophage (D:5)
  5 centaurs
  7 crocodiles
  A big kobold (D:12)
  14 bullfrogs
  Dowan (D:4)
  A wyvern zombie (D:8)
  2 scorpions
  5 killer bees (D:10)
  11 wights
  A howler monkey (D:10)
  An electric eel (Lair:3)
  5 crimson imps
  A quasit (D:7)
  5 centaur zombies
  3 hounds
  4 jellies
  2 human zombies (Ossuary)
  5 orc priests
  4 bullfrog skeletons
  3 iguanas
  14 orc wizards
  9 worker ants
  Robin (D:4)
  4 mummies
  2 worker ant zombies
  A howler monkey skeleton (D:8)
  6 adders
  3 shadow imps
  3 oozes
  An adder skeleton (D:7)
  A worm (D:3)
  A dart slug (D:2)
  3 leopard geckos
  67 orcs
  2 ball pythons
  7 bats
  5 giant cockroaches
  21 goblins
  9 hobgoblins
  11 jackals
  4 quokkas
  5 frilled lizards
  2 goblin zombies (Ossuary)
  A jackal skeleton (D:5)
  11 kobolds
  A kobold zombie (Ossuary)
  An orc zombie (Ossuary)
  A quokka skeleton (D:9)
  A quokka zombie (D:8)
  7 rats
  A fungus (Lair:1)
480 creatures vanquished.

Vanquished Creatures (collateral kills)
  A hydra (Lair:4)
  A death yak (D:8)
  A yak (Lair:4)
3 creatures vanquished.

Vanquished Creatures (others)
  An iguana (D:7)
  A worker ant (D:7)
  A hound skeleton (D:7)
  An adder (D:7)
  A giant cockroach (D:7)
  A fungus (Lair:6)
  4 plants
  4 toadstools (D:2)
14 creatures vanquished.

Grand Total: 497 creatures vanquished

Notes
Turn   | Place    | Note
-------+----------+-------------------------------------------
     0 | D:1      | Bronimir the Demonspawn Gladiator began the quest for the
                  | Orb.
     0 | D:1      | Reached XP level 1. HP: 16/16 MP: 1/1
    73 | D:1      | Gained mutation: Your movements are slightly less
                  | encumbered by armour. (ER -2) [demonic ancestry]
    73 | D:1      | Reached XP level 2. HP: 22/22 MP: 2/2
   361 | D:1      | Reached skill level 3 in Long Blades
   639 | D:1      | Reached XP level 3. HP: 26/27 MP: 3/3
  1670 | D:3      | Reached skill level 1 in Armour
  1969 | D:3      | Reached XP level 4. HP: 26/34 MP: 4/4
  2789 | D:3      | Reached skill level 4 in Long Blades
  3718 | D:4      | Reached XP level 5. HP: 15/41 MP: 5/5
  4033 | D:4      | Noticed Dowan
  4034 | D:4      | Noticed Duvessa
  4087 | D:4      | Killed Duvessa
  4363 | D:4      | Killed Dowan
  4363 | D:4      | Reached XP level 6. HP: 39/47 MP: 6/6
  4498 | D:4      | Found a white marble altar of Elyvilon.
  4549 | D:4      | Noticed Robin
  4954 | D:4      | Killed Robin
  4980 | D:4      | Reached skill level 5 in Long Blades
  5027 | D:4      | Found a glowing golden altar of the Shining One.
  5046 | D:4      | Found an ancient bone altar of Kikubaaqudgha.
  5047 | D:4      | Found a stormy altar of Qazlal.
  5108 | D:4      | Gained mutation: You have a pair of small horns on your
                  | head. [demonic ancestry]
  5108 | D:4      | Reached XP level 7. HP: 52/52 MP: 7/7
  5151 | D:4      | Found an ornate altar of the Wu Jian Council.
  5218 | D:4      | Found a runed translucent door.
  5219 | D:4      | Noticed DiabolicBear's ghost (amateur TrHu)
  5375 | D:5      | Entered Level 5 of the Dungeon
  5615 | D:5      | Found Meygg's Distillery.
  5618 | D:5      | Bought a potion of degeneration for 14 gold pieces
  5618 | D:5      | Bought a potion of curing for 42 gold pieces
  5726 | D:5      | Found a staircase to the Ecumenical Temple.
  5805 | Temple   | Entered the Ecumenical Temple
  5827 | Temple   | Became a worshipper of Makhleb the Destroyer
  6028 | D:5      | Gained mutation: You are dopey. (Int -2) [potion of
                  | mutation]
  6028 | D:5      | Gained mutation: Your natural rate of healing is unusually
                  | fast. [potion of mutation]
  6028 | D:5      | Gained mutation: You passively map a small area around you.
                  | [potion of mutation]
  6573 | D:6      | Reached skill level 6 in Long Blades
  6645 | D:6      | Reached skill level 1 in Shields
  6669 | D:6      | Reached skill level 1 in Invocations
  6784 | D:6      | Gained mutation: Your flesh is cold resistant. (rC+)
                  | [demonic ancestry]
  6784 | D:6      | Reached XP level 8. HP: 59/60 MP: 9/9
  6940 | D:6      | Found a sacrificial altar of Ru.
  7000 | D:6      | Noticed Eustachio
  7036 | D:6      | Killed Eustachio
  7248 | D:7      | Noticed Pikel
  7270 | D:7      | Killed Pikel
  7270 | D:7      | Reached skill level 7 in Long Blades
  7359 | D:7      | Found a sparkling altar of Nemelex Xobeh.
  7402 | D:7      | Gained mutation: You are immune to freezing clouds.
                  | [demonic ancestry]
  7402 | D:7      | Reached XP level 9. HP: 66/66 MP: 11/11
  7459 | D:7      | Found a sand-covered staircase.
  7468 | Ossuary  | Entered an ossuary
  7619 | Ossuary  | Reached * piety under Makhleb
  7913 | D:7      | Reached skill level 8 in Long Blades
  8299 | D:7      | Found a shimmering altar of Xom.
  8392 | D:8      | Reached skill level 5 in Fighting
  8447 | D:8      | Found an opulent altar of Gozag.
  8524 | D:8      | Reached skill level 5 in Shields
  8617 | D:8      | Reached ** piety under Makhleb
  8760 | D:8      | Found an iron altar of Okawaru.
  8971 | D:8      | Reached skill level 5 in Armour
  9287 | D:9      | Noticed a two-headed ogre
  9308 | D:9      | Killed a two-headed ogre
  9308 | D:9      | Reached skill level 5 in Invocations
  9308 | D:9      | Gained mutation: Your movements are less encumbered by
                  | armour. (ER -4) [demonic ancestry]
  9308 | D:9      | Reached XP level 10. HP: 37/74 MP: 13/13
  9342 | D:10     | Entered Level 10 of the Dungeon
  9388 | D:10     | Reached skill level 9 in Long Blades
  9418 | D:10     | Noticed a gargoyle
  9464 | D:10     | Killed a gargoyle
  9555 | D:10     | Noticed a two-headed ogre
  9572 | D:10     | Killed a two-headed ogre
 10213 | D:9      | Noticed a death yak
 10214 | D:9      | Noticed a death yak
 10215 | D:9      | Found a staircase to the Lair.
 10215 | D:9      | Noticed a death yak
 10215 | D:9      | Noticed a death yak
 10215 | D:9      | Noticed a death yak
 10215 | D:9      | Noticed a death yak
 10994 | D:10     | Identified a scroll of acquirement
 10997 | D:10     | Got a jewelled long sword
 10998 | D:10     | Identified the +0 long sword "Gurrat" {slice, rPois rF+
                  | rC++} (You acquired it on level 10 of the Dungeon)
 11078 | D:9      | Reached *** piety under Makhleb
 11104 | D:9      | Killed a death yak
 11104 | D:9      | Gained mutation: A meltable icy envelope protects you from
                  | harm. (AC +10) [demonic ancestry]
 11104 | D:9      | Reached XP level 11. HP: 44/83 MP: 15/15
 11208 | D:9      | Found a shadowy altar of Dithmenos.
 11467 | D:9      | Killed a death yak
 11524 | D:8      | Killed a death yak
 11524 | D:8      | Reached skill level 10 in Long Blades
 11617 | D:8      | HP: 4/124 [death yak (6)]
 11629 | D:8      | Killed a death yak
 11742 | D:8      | Killed a death yak
 11765 | D:8      | Killed a death yak
 12042 | Lair:1   | Entered Level 1 of the Lair of Beasts
 12295 | Lair:1   | Noticed Fannar
 12342 | Lair:1   | Killed Fannar
 12342 | Lair:1   | Reached skill level 5 in Dodging
 13716 | Lair:3   | Learned a level 1 spell: Infusion
 13720 | Lair:3   | Learned a level 3 spell: Regeneration
 13802 | Lair:3   | Gained mutation: You have a pair of horns on your head.
                  | [demonic ancestry]
 13802 | Lair:3   | Reached XP level 12. HP: 65/91 MP: 17/17
 13823 | Lair:3   | Reached skill level 1 in Necromancy
 13846 | Lair:3   | Found a hole to the Spider Nest.
 13872 | Lair:3   | Reached skill level 1 in Spellcasting
 13872 | Lair:3   | Reached skill level 1 in Charms
 13909 | Lair:3   | Noticed a death yak
 13911 | Lair:3   | Noticed a death yak
 13913 | Lair:3   | Noticed a death yak
 13913 | Lair:3   | Noticed a death yak
 13914 | Lair:3   | Noticed a death yak
 13915 | Lair:3   | Noticed a death yak
 14014 | Lair:2   | Killed a death yak
 14014 | Lair:2   | Reached skill level 11 in Long Blades
 14055 | Lair:2   | Killed a death yak
 14072 | Lair:2   | Killed a death yak
 14099 | Lair:2   | Killed a death yak
 14110 | Lair:2   | Killed a death yak
 14174 | Lair:2   | Killed a death yak
 14789 | Lair:3   | Found a staircase to the Shoals.
 15076 | Lair:4   | Got a transparent dagger
 15090 | Lair:4   | Reached **** piety under Makhleb
 15232 | Lair:4   | Noticed a catoblepas
 15270 | Lair:4   | Killed a catoblepas
 15495 | Lair:4   | Noticed a seven-headed hydra
 15504 | Lair:4   | Killed an eight-headed hydra
 15612 | Lair:4   | Gained mutation: Your movements are significantly less
                  | encumbered by armour. (ER -6) [demonic ancestry]
 15612 | Lair:4   | Reached XP level 13. HP: 95/98 MP: 19/19
 15680 | Lair:4   | Reached skill level 10 in Shields
 16130 | Lair:4   | HP: 2/98 [15-headed hydra (5)]
 16654 | Lair:5   | Noticed Snorg
 16676 | Lair:5   | Killed Snorg
 17381 | Lair:4   | Reached skill level 12 in Long Blades
 17891 | Lair:5   | Found a staircase to the Slime Pits.
 18057 | Lair:6   | Entered Level 6 of the Lair of Beasts
 18153 | Lair:6   | Reached skill level 1 in Evocations
 18485 | Lair:6   | Noticed a dire elephant
 18832 | Lair:1   | Identified the +4 dagger "Orim" {pierce, rElec rF- Str+4}
                  | (You found it on level 4 of the Lair of Beasts)
 18869 | Lair:1   | Learned a level 2 spell: Shroud of Golubria
 18872 | Lair:1   | Learned a level 2 spell: Song of Slaying
 18874 | Lair:1   | Learned a level 1 spell: Confusing Touch
 19059 | D:11     | Reached ***** piety under Makhleb
 19288 | D:11     | Found a staircase to the Orcish Mines.
 19425 | D:11     | Identified the +8 ring mail of Paranoia {rC+}
 19665 | D:11     | Identified the ring "Weggeapu" {rCorr Int+2}
 20420 | D:12     | Found Veerr's Antique Armour Shoppe.
 20434 | D:12     | Reached XP level 14. HP: 106/106 MP: 21/21
 20996 | D:13     | Found a flagged portal.
 21088 | Bailey   | Entered a bailey
 21297 | Bailey   | Slain by an orc knight

Levels and vault maps discovered:
D:1:      lemuel_arrival_funnel, layout_loops_cross
D:2:      layout_basic, minmay_gold_behind_fungi, patterned_corridor
D:3:      layout_basic, nrook_campfire
D:4:      layout_rooms, marbit_many_paths, lemuel_crystal_altar,
          grunt_temple_overflow_open, ebering_ghost_reflecting_pool, uniq_robin,
          uniq_duvessa
D:5:      layout_layer_cave, minmay_temple_entry_antechambers, first_ration,
          serial_shops, kennysheep_mini_moat
D:6:      layout_loops_ring, nicolae_overflow_crystal_walls, uniq_eustachio
D:7:      layout_loops_ring, lemuel_coloured_pillars_altar,
          nemelex_xobeh_ov_fountains_minmay, gup_ossuary_entry_pyramid,
          uniq_pikel
D:8:      layout_loops_corners, grunt_gozag_breadcrumbs,
          overflow_temple_1_default
D:9:      layout_rooms, dpeg_lair_monsters, the_bakery, grunt_dithmenos_smoke
D:10:     layout_basic, eino_jars
D:11:     layout_basic, erik_orc_4, minmay_misc_feat_roman, uniq_gastronok
D:12:     minmay_skewed_foursquare, layout_loops_corners, serial_shops,
          nicolae_shop_trees
D:13:     layout_basic, skrybe_vaults_entry_preservation, enter_bailey_3,
          basic_altar
Temple:   nicolae_temple_no_exploring_needed
Lair:1:   layout_roguey, minivault_19, grunt_forest_large_clearing_hut,
          uniq_fannar
Lair:2:   layout_cave_pods, lemuel_fruit_fields
Lair:3:   layout_gridlike, elwin_shoals_entry_rooms, dummy_spider_entry
Lair:4:   layout_small_grid, minmay_shattered_shrine, lemuel_fruit_fields
Lair:5:   beast_lair_carwin_large_2, layout_gridlike, dpeg_slime_entry_corner,
          minivault_11, uniq_snorg
Lair:6:   evil_forest, layout_loops_ring
Bailey:   bailey_polearm_5, bailey

Skill      XL: |  1  2  3  4  5  6  7  8  9 10 11 12 13 |
---------------+----------------------------------------+-----
Long Blades    | 3 4 5 6 7 8 9 10 11 12 | 12.4
Dodging        | 3 4 5 6 |  6.5
Armour         | 1 2 3 4 5 6 7 |  7.6
Fighting       | 3 4 5 6 7 8 |  8.4
Shields        | 1 3 5 7 8 9 11 | 11.2
Invocations    | 1 3 5 6 7 8 9 |  9.9
Necromancy     | 2 4 |  4.8
Spellcasting   | 2 4 |  4.4
Charms         | 3 |  3.3
Evocations     | 1 |  1.3
Staves         | |  0.1
Throwing       | |  1.9
Hexes          | |  0.5

Action                   |  1- 3 |  4- 6 |  7- 9 | 10-12 | 13-15 || total
-------------------------+-------+-------+-------+-------+-------++-------
Melee: Long sword        |    82 |   218 |   534 |   812 |  1032 ||  2678
       Staff             |       |     2 |       |       |       ||     2
       Headbutt          |       |       |   141 |   308 |   295 ||   744
       Falchion          |       |       |    50 |   283 |       ||   333
 Cast: Regeneration      |       |       |       |       |     6 ||     6
       Confusing Touch   |       |       |       |       |     3 ||     3
       Infusion          |       |       |       |       |     5 ||     5
       Song of Slaying   |       |       |       |       |     3 ||     3
Invok: Lesser Servant of |       |       |       |     6 |     5 ||    11
       Minor Destruction |       |       |       |       |     3 ||     3
Evoke: Wand              |       |       |       |     1 |    12 ||    13
  Use: Scroll            |       |       |    10 |     9 |     4 ||    23
       Potion            |       |       |     6 |     8 |     2 ||    16
 Stab: Sleeping          |     5 |       |       |       |     2 ||     7
       Distracted        |       |       |     1 |     3 |       ||     4
       Confused          |       |       |       |       |     4 ||     4
       Petrified         |       |       |       |       |     3 ||     3
  Eat: Chunk             |     3 |     7 |    15 |    19 |    18 ||    62
       Ration            |       |     1 |     1 |     1 |     2 ||     5
Armor: Leather armour    |    31 |    14 |       |       |       ||    45
       Chain mail        |       |   152 |   270 |   383 |   211 ||  1016
       Skin              |       |       |       |     3 |       ||     3
       Ring mail         |       |       |       |       |   222 ||   222
Dodge: Dodged            |    68 |   219 |   192 |   345 |   770 ||  1594
       Deflected         |       |       |       |     9 |     7 ||    16
Block: Large shield      |       |       |   397 |   812 |   278 ||  1487
       Shield            |       |       |       |       |   591 ||   591
       Rpst.: Long sword |    17 |    61 |    65 |    83 |   130 ||   356
       Falchion          |       |       |     4 |    29 |       ||    33
